 Dungeon Crawl Stone Soup version 0.28-a0-1236-gb25a51b929 (webtiles) character file.

Game seed: 6861972930699607380

133 Syrorian the Covered (level 4, -4/41 HPs)
             Began as a Minotaur Fighter on Dec 26, 2021.
             Succumbed to a water moccasin's poison
             ... on level 4 of the Dungeon.
             The game lasted 00:19:49 (3028 turns).

Syrorian the Covered (Minotaur Fighter)             Turns: 3028, Time: 00:19:50

Health: -4/41      AC: 12    Str: 23    XL:     4   Next: 94%
Magic:  3/3        EV:  8    Int:  5    God:
Gold:   100        SH:  4    Dex:  9    Spells: 3/3 levels left

rFire   . . .      SeeInvis .   a - +1 war axe
rCold   + . .      Faith    .   c - +0 buckler
rNeg    . . .      Spirit   .   h - +0 chain mail
rPois   .          Reflect  .   (helmet restricted)
rElec   .          Harm     .   j - +0 cloak
rCorr   .          Rampage  .   k - +0 pair of gloves
Will    .....                   (no boots)
Stlth   ..........              (no amulet)
HPRegen 0.13/turn               f - ring of protection from cold
MPRegen 0.08/turn               (no ring)

@: lethally poisoned (-4 -> -24)
A: horns 2, retaliatory headbutt
a: no special abilities


You were on level 4 of the Dungeon.
You visited 1 branch of the dungeon, and saw 4 of its levels.

You collected 100 gold pieces.

Inventory:

Hand Weapons
 a - a +1 war axe (weapon)
Missiles
 b - 4 javelins (quivered)
Armour
 c - a +0 buckler (worn)
 h - a +0 chain mail (worn)
 j - a +0 cloak (worn)
 k - a +0 pair of gloves (worn)
Jewellery
 f - a ring of protection from cold (left hand)
Potions
 d - a potion of might
 e - a potion of cancellation
 g - a potion of curing {unknown}
 l - a potion of invisibility {unknown}


   Skills:
 + Level 4.7 Fighting
 + Level 3.8 Axes
 + Level 4.7 Armour
 - Level 4.4 Shields


You had 3 spell levels left.
You didn't know any spells.
Your spell library contained the following spells:

 Spells                   Type           Power      Damage    Failure   Level
 Ensorcelled Hibernation  Hex/Ice        0%         N/A       99%         2
 Spider Form              Tmut/Pois      0%         N/A       100%        3


Dungeon Overview and Level Annotations

Branches:
Dungeon (4/15)
 Temple: D:4-7

Altars:

Shops:
D:2 (


Innate Abilities, Weirdness & Mutations

You have a pair of horns on your head.
You reflexively headbutt those who attack you in melee.


Message History

The water moccasin bites you but does no damage.
The water moccasin closely misses you.
You hit the water moccasin.
The water moccasin is lightly wounded.
You block the water moccasin's attack.
The water moccasin bites you but does no damage.
You slash the water moccasin!
Your headbutt misses the water moccasin.
The water moccasin is severely wounded.
The water moccasin bites you.
You are poisoned.
The water moccasin poisons you!
The water moccasin bites you but does no damage.
You barely miss the water moccasin.
The water moccasin is severely wounded.
You hear the slow rusting of a very distant drain.
You feel very sick.
The water moccasin bites you but does no damage.
You block the water moccasin's attack.
You miss the water moccasin.
The water moccasin is severely wounded.
* * * LOW HITPOINT WARNING * * *
You feel very sick. The water moccasin bites you.
* * * LOW HITPOINT WARNING * * *
You are more poisoned.
The water moccasin poisons you! The water moccasin barely misses you.
Unknown command.
You closely miss the water moccasin.
The water moccasin is severely wounded.
* * * LOW HITPOINT WARNING * * *
You feel extremely sick.
The water moccasin bites you but does no damage.
The water moccasin barely misses you. You furiously retaliate!
You headbutt the water moccasin!
Unknown command.
You hit the water moccasin but do no damage.
Your headbutt misses the water moccasin.
The water moccasin is almost dead.
You die...

## ### #.# ### ##
###.### #.####.####.# #
......#####.........##..
####....................
...........<............
.............†..........
...)....................
..............).@.......
................S.......
..................(.....
........................
........................
........................
........................
........................
.


You could see a water moccasin.

Vanquished Creatures
  5 adders
  2 worms (D:2)
  4 dart slugs
  4 orcs
  9 ball pythons
  An endoplasm (D:1)
  A giant cockroach (D:3)
  7 hobgoblins
  4 jackals (D:2)
  6 kobolds
  A quokka (D:2)
  4 bats
  3 frilled lizards
  9 goblins
  10 rats
70 creatures vanquished.

Vanquished Creatures (others)
  3 plants (D:2)
3 creatures vanquished.

Grand Total: 73 creatures vanquished

Notes
Turn   | Place    | Note
-------+----------+-------------------------------------------
     0 | D:1      | Syrorian the Minotaur Fighter began the quest for the Orb.
     0 | D:1      | Reached XP level 1. HP: 19/19 MP: 0/0
   422 | D:1      | Reached XP level 2. HP: 27/27 MP: 1/1
  1157 | D:2      | Reached XP level 3. HP: 32/33 MP: 2/2
  1183 | D:2      | Found Apoda's Antique Weapon Emporium.
  1183 | D:2      | You fall into a shaft and drop 1 floor!
  1477 | D:2      | Reached XP level 4. HP: 36/41 MP: 3/3
  1774 | D:2      | Found a faded altar of an unknown god.
  3016 | D:4      | Noticed a water moccasin
  3027 | D:4      | HP: 1/41 [poisoned by a water moccasin]
  3028 | D:4      | Succumbed to a water moccasin's poison

Illustrated notes

Levels and vault maps discovered:
D:1:      dpeg_arrival_short_road, layout_loops_corners, minmay_small_reverse_x
D:2:      layout_rooms, shapermc_ecumenical_altar_totnotflames, serial_shops,
          nicolae_shop_hallway_stairs, serial_forest,
          infiniplex_forest_diagonal, infiniplex_forest_lined_2,
          infiniplex_forest_clump_medium, infiniplex_forest_corner_2,
          infiniplex_forest_clump_double, st_stairs_11
D:3:      layout_loops_ring, amcnicky_mini_pool_small
D:4:      layout_layer_cave, gup_sewer_entry_bowl

Skill      XL: |  1  2  3 |
---------------+----------+-----
Shields        | 4 |  4.4
Fighting       | 4 |  4.7
Armour         | 4 |  4.7
Axes           | 3 |  3.8

Action                   |  1- 3 |  4- 6 || total
-------------------------+-------+-------++-------
Melee: War axe           |    85 |    71 ||   156
       Headbutt          |     4 |    17 ||    21
Throw: Javelin           |       |     5 ||     5
  Use: Scroll            |     2 |     2 ||     4
Armor: Scale mail        |     5 |       ||     5
       Chain mail        |    59 |    23 ||    82
Dodge: Dodged            |    54 |    23 ||    77
Block: Buckler           |    31 |    16 ||    47

Table legend: (Time is in decaauts)
 A = Elapsed time spent in this place.
 B = Non-inter-level travel time spent in this place.
 C = Inter-level travel time spent in this place.
 D = Time resting spent in this place.
 E = Time spent auto-exploring this place.
 F = Levels seen in this place.
 G = Mean time per level.
                   A        B        C        D        E       F      G
               +--------+--------+--------+--------+--------+-----+--------+
         Total |   3084 |   3084 |      0 |    145 |    508 |   4 |  771.0 |
       Dungeon |   3084 |   3084 |      0 |    145 |    508 |   4 |  771.0 |
               +--------+--------+--------+--------+--------+-----+--------+

Top non-repeatable levels by time:
     D:1: 1139 daAuts
     D:3: 961 daAuts
     D:2: 879 daAuts
     D:4: 103 daAuts
